 Dungeon Crawl Stone Soup version 0.28-a0-850-g09de17f5b5 (webtiles) character file.

Game seed: 13861084717565850917

27898 marklar909 the Basher (level 13, 0/114 HPs)
             Began as a Palentonga Fighter on Nov 13, 2021.
             Was an Initiate of Gozag.
             Collided with some deep water (8 damage)
             ... caused by a swamp worm
             ... on level 4 of the Lair of Beasts.
             The game lasted 00:40:17 (18701 turns).

marklar909 the Basher (Palentonga Fighter)         Turns: 18701, Time: 00:40:18

Health: 0/114      AC: 12    Str: 23    XL:     13   Next: 6%
Magic:  13/13      EV: 11    Int: 13    God:    Gozag
Gold:   919        SH: 10    Dex: 16    Spells: 12/12 levels left

rFire   . . .      SeeInvis +   z - +2 morningstar
rCold   + . .      Faith    .   j - +0 kite shield
rNeg    . . .      Spirit   .   o - +0 leather armour {rPois}
rPois   +          Reflect  .   d - +1 hat {Int+3}
rElec   .          Harm     .   i - +2 cloak {rCorr}
rCorr   +          Rampage  +   (no gloves)
Will    .....                   (no barding)
Stlth   ++........              y - amulet "Guchat" {Rampage Regen+}
HPRegen 1.29/turn               u - +6 ring of dexterity
MPRegen 0.13/turn               k - ring of protection from cold

@: about to teleport, corroded, gold aura, curled up
A: large, rugged brown scales 3, see invisible, deformed body, roll 1, armoured
tail, reflexive curl
a: Rolling Charge, Renounce Religion, Potion Petition, Call Merchant, Bribe
Branch


You were on level 4 of the Lair of Beasts.
You worshipped Gozag.
Gozag was pleased with you.
You visited 2 branches of the dungeon, and saw 14 of its levels.
You also visited: Sewer.

You collected 2888 gold pieces.
You spent 130 gold pieces at shops.
You paid 1839 gold pieces to Gozag.

Inventory:

Hand Weapons
 a - a +1 flail of holy wrath
 z - a +2 morningstar (weapon)
Missiles
 l - 7 throwing nets
Armour
 d - a +1 hat of intelligence (worn)
 i - a +2 cloak of preservation (worn)
 j - a +0 kite shield (worn)
 o - a +0 leather armour of poison resistance (worn)
Jewellery
 e - a ring of poison resistance
 f - a ring of resist corrosion
 k - a ring of protection from cold (right hand)
 m - a ring of willpower
 t - a ring of positive energy
 u - a +6 ring of dexterity (left hand)
 y - the amulet "Guchat" (around neck) {Rampage Regen+}
   (You acquired it on level 9 of the Dungeon)

   [amulet of regeneration]

   Regen:     It increases your rate of health regeneration.
   Rampage:   It bestows one free step when moving towards enemies.
 C - a ring of magical power
 D - a +6 ring of dexterity
 F - a ring of magical power
Wands
 c - a wand of flame (62)
 s - a wand of iceblast (4)
 E - a wand of paralysis (9)
Scrolls
 v - a scroll of blinking
 w - 4 scrolls of teleportation
 B - 3 scrolls of silence
 G - 2 scrolls of fog
 H - a scroll of identify
 I - a scroll of magic mapping {unknown}
Potions
 b - a potion of resistance
 g - 6 potions of flight
 h - a potion of attraction
 n - 3 potions of cancellation
 p - a potion of curing
 q - 3 potions of ambrosia
 r - a potion of magic
 x - 2 potions of lignification {unknown}
 A - 2 potions of mutation {unknown}


   Skills:
 * Level 11.9 Fighting
 + Level 13.3 Maces & Flails
 * Level 6.9 Armour
 + Level 5.6 Dodging
 - Level 4.0 Stealth
 + Level 7.1 Shields
 + Level 1.2 Evocations


You had 12 spell levels left.
You didn't know any spells.
Your spell library contained the following spells:

 Spells                   Type           Power      Damage    Failure   Level
 Magic Dart               Conj           0%         1d3       45%         1
 Sting                    Tmut/Pois      0%         1d3       45%         1
 Call Imp                 Summ           0%         N/A       61%         2
 Poisonous Vapours        Pois/Air       0%         N/A       61%         2
 Conjure Flame            Conj/Fire      0%         6-21      83%         3
 Ignite Poison            Fire/Tmut/Pois 0%         N/A       83%         3
 Mephitic Cloud           Conj/Pois/Air  0%         N/A       83%         3
 Hailstorm                Conj/Ice       0%         3d3       99%         4
 Ice Form                 Ice/Tmut       0%         N/A       99%         4
 Olgreb's Toxic Radiance  Pois           0%         N/A       99%         4
 Sticky Flame             Conj/Fire      0%         2d3       99%         4
 Simulacrum               Ice/Necr       0%         N/A       100%        6


Dungeon Overview and Level Annotations

Branches:
Dungeon (10/15)            Temple (0/1) D:7            Lair (4/6) D:10
 Shoals (0/4) Lair:3        Snake (0/4) Lair:2        Sewer (visited)
    Orc: D:9-12

Altars:
Ashenzari
Elyvilon
Gozag
Nemelex Xobeh
Okawaru
Yredelemnul
Zin
The Shining One

Shops:
D:4 !   D:5 *

Annotations:
D:8 Harold
D:10 1 runed translucent door


Innate Abilities, Weirdness & Mutations

You are completely covered in rugged brown scales. (AC +3, +7% HP)
You have supernaturally acute eyesight. (SInv)
Armour fits poorly on your strangely shaped body.
You can roll at nearby foes to attack.
You have a long armoured tail.
You curl defensively after being hit. (AC +7*)


Message History

You closely miss the goliath frog.
The goliath frog is lightly wounded.
The goliath frog hits you!!
You are splashed with acid.
You resist. The goliath frog hits you.
You are splashed with acid.
You resist.
You bludgeon the goliath frog!! You tail-slap the goliath frog.
The goliath frog is severely wounded.
The bullfrog barely misses you. You block the bullfrog's attack.
The goliath frog hits you! The acid corrodes you!
You are splashed with acid.
You resist.
You puncture the goliath frog!
You kill the goliath frog!
A swamp worm comes into view.
The bullfrog misses you.
A swamp worm comes into view.
As you read the scroll of teleportation, it crumbles to dust.
You feel strangely unstable. The bullfrog hits you.
The bullfrog hits you but does no damage.
You barely miss the bullfrog. You tail-slap the bullfrog.
The bullfrog is lightly wounded.
The bullfrog hits you but does no damage.
You puncture the bullfrog!
The bullfrog is almost dead.
You block the bullfrog's attack.
The swamp worm fires a harpoon shot at you.
The harpoon shot hits you!
* * * LOW HITPOINT WARNING * * *
You are yanked forward by the harpoon shot.
You violently stop moving!
* * * LOW HITPOINT WARNING * * *
The bullfrog barely misses you.
Found a stone staircase leading up.
You hit the bullfrog but do no damage.
The bullfrog is almost dead.
The swamp worm fires a harpoon shot at you.
The harpoon shot hits you!
* * * LOW HITPOINT WARNING * * *
You are yanked forward by the harpoon shot.
You violently stop moving!
You die...
Your body crumbles into a pile of gold.

≈≈≈.≈≈P.≈≈.##≈#≈≈# ....?PP...>..
≈#...≈≈≈...≈≈###≈#.....######P..#
#≈≈P..≈≈≈.≈#≈≈≈≈≈#....# ##..#
≈≈≈≈≈≈.≈..≈≈#≈≈≈##....# #...
≈≈#≈≈P≈≈.≈≈≈≈≈≈≈≈≈....# ...#
≈≈≈#≈#≈.≈≈≈#≈≈≈#≈≈....# ##..#
#≈≈≈≈≈≈...≈#≈≈≈≈≈≈....## ...#
#≈≈≈#.≈.≈.≈≈≈≈.≈F≈...... ...#
#≈#≈≈≈..#..≈≈≈..@≈..w... ....[
#≈≈≈≈..≈≈≈#.≈.≈..#≈≈.)..
#≈#≈≈.≈≈≈≈...≈w≈≈# .....
##≈≈.≈≈≈#≈≈P#≈.≈#≈≈.<...
#≈≈≈.≈≈≈≈≈≈≈≈###≈≈#. ...
#≈≈(≈≈#≈≈#≈#≈≈ ≈≈.# ..
(≈≈≈≈#≈≈##≈ ≈≈#. . ≈≈≈≈≈≈≈≈ ≈
≈≈... #≈≈##≈


You could see 2 swamp worms and a bullfrog.

Vanquished Creatures
  Gastronok (D:8)
  3 hydras
  A boulder beetle (Lair:2)
  A catoblepas (Lair:1)
  A two-headed ogre (D:9)
  Sonja (Lair:2)
  A goliath frog (Lair:4)
  Pikel (D:4)
  9 elephants
  3 black mambas
  9 cane toads
  Psyche (D:8)
  3 komodo dragons
  3 polar bears
  A hornet (D:8)
  A blink frog (Lair:3)
  A shadow (D:9)
  6 wyverns
  32 yaks
  A wraith (D:10)
  3 basilisks
  3 vampire mosquitoes
  Menkaure (D:7)
  9 water moccasins
  2 orc warriors
  Pargi (Sewer)
  2 ice beasts
  2 black bears (D:6)
  2 hornet zombies
  An ogre (D:4)
  9 wolves
  A phantom (D:4)
  5 kobold brigands
  15 bullfrogs
  A scorpion (D:7)
  5 gnoll sergeants
  A water moccasin skeleton (D:7)
  5 killer bees (D:9)
  11 wights
  A howler monkey (D:7)
  3 centaur zombies
  2 hounds
  A human zombie (D:10)
  2 orc priests
  2 bullfrog skeletons (D:5)
  Jessica (D:2)
  A human skeleton (D:10)
  5 hell rats (Lair:3)
  An iguana (D:5)
  Natasha (thrice) (D:2)
  6 orc wizards
  2 killer bee zombies
  27 gnolls
  A river rat (D:3)
  5 adders
  2 shadow imps
  An ufetubus (D:5)
  An adder skeleton (D:4)
  5 worms
  2 dart slugs (D:1)
  29 orcs
  7 ball pythons
  8 endoplasms
  7 giant cockroaches
  6 goblins
  11 hobgoblins
  7 jackals
  35 kobolds
  11 quokkas
  5 bats
  2 frilled lizards
  7 rats
368 creatures vanquished.

Vanquished Creatures (others)
  25 fungi
  54 plants
79 creatures vanquished.

Grand Total: 447 creatures vanquished

Notes
Turn   | Place    | Note
-------+----------+-------------------------------------------
     0 | D:1      | marklar909 the Palentonga Fighter began the quest for the
                  | Orb.
     0 | D:1      | Reached XP level 1. HP: 19/19 MP: 1/1
    72 | D:1      | Reached XP level 2. HP: 18/25 MP: 2/2
   270 | D:1      | Found a faded altar of an unknown god.
   684 | D:1      | Reached XP level 3. HP: 31/31 MP: 3/3
  1151 | D:2      | Noticed Natasha
  1161 | D:2      | Killed Natasha
  1494 | D:2      | Reached XP level 4. HP: 37/39 MP: 4/4
  1714 | D:2      | Noticed Natasha
  1997 | D:2      | Killed Natasha
  1998 | D:2      | Reached skill level 3 in Maces & Flails
  2025 | D:2      | Noticed Natasha
  2028 | D:2      | Killed Natasha
  2211 | D:2      | Reached XP level 5. HP: 41/44 MP: 5/5
  2316 | D:2      | Noticed Jessica
  2622 | D:2      | Killed Jessica
  2623 | D:2      | Reached skill level 4 in Maces & Flails
  3200 | D:3      | Found a glowing drain.
  3205 | Sewer    | Entered a sewer
  3282 | Sewer    | Noticed Pargi
  3295 | Sewer    | Killed Pargi
  3296 | Sewer    | Reached XP level 6. HP: 29/52 MP: 6/6
  4779 | D:4      | Reached skill level 5 in Maces & Flails
  4786 | D:4      | Reached skill level 1 in Dodging
  4786 | D:4      | Reached skill level 1 in Stealth
  4786 | D:4      | Gained mutation: You curl defensively after being hit. (AC
                  | +7*) [Palentonga growth]
  4786 | D:4      | Reached XP level 7. HP: 46/58 MP: 7/7
  4982 | D:4      | Noticed Pikel
  5094 | D:4      | Killed Pikel
  5095 | D:4      | Reached XP level 8. HP: 55/65 MP: 8/8
  5325 | D:4      | Found an opulent altar of Gozag.
  5366 | D:4      | Became a worshipper of Gozag Ym Sagoz the Greedy
  5527 | D:4      | Reached skill level 5 in Fighting
  5667 | D:4      | Found Joshot Sure's Distillery.
  5675 | D:4      | Bought a potion of curing for 30 gold pieces
  5675 | D:4      | Bought 2 potions of heal wounds for 100 gold pieces
  5831 | D:4      | Found a glowing golden altar of the Shining One.
  5925 | D:5      | Entered Level 5 of the Dungeon
  5948 | D:5      | Reached skill level 6 in Maces & Flails
  5997 | D:5      | Found Zin's Purification Station.
  5997 | D:5      | Found a glowing silver altar of Zin.
  7620 | D:5      | Reached skill level 7 in Maces & Flails
  7707 | D:5      | Reached XP level 9. HP: 64/73 MP: 9/9
  8188 | D:6      | Reached skill level 1 in Evocations
  8343 | D:6      | Reached skill level 8 in Maces & Flails
  8498 | D:6      | Found a broken altar of Ashenzari.
  9564 | D:7      | Reached skill level 9 in Maces & Flails
  9648 | D:7      | Found a staircase to the Ecumenical Temple.
  9777 | D:7      | Noticed Menkaure
  9785 | D:7      | Killed Menkaure
 10076 | D:7      | Reached XP level 10. HP: 80/84 MP: 10/10
 10265 | D:7      | Found an iron altar of Okawaru.
 10747 | D:8      | Noticed Psyche
 10756 | D:8      | Killed Psyche
 10824 | D:8      | Reached skill level 5 in Shields
 11280 | D:8      | Reached skill level 10 in Maces & Flails
 11534 | D:8      | Noticed Harold
 11737 | D:8      | Noticed Gastronok
 11748 | D:8      | Killed Gastronok
 12740 | D:9      | Noticed a two-headed ogre
 12747 | D:9      | Killed a two-headed ogre
 12748 | D:9      | Reached skill level 5 in Armour
 13119 | D:9      | Identified a scroll of acquirement
 13119 | D:9      | Acquired the amulet "Guchat" {Rampage Regen+}
 13311 | D:9      | Reached XP level 11. HP: 88/93 MP: 11/11
 13442 | D:10     | Entered Level 10 of the Dungeon
 13654 | D:10     | Found a sparkling altar of Nemelex Xobeh.
 13661 | D:10     | Found a staircase to the Lair.
 13684 | D:9      | Reached skill level 11 in Maces & Flails
 13735 | D:10     | Found a runed translucent door.
 13750 | D:10     | Found a basalt altar of Yredelemnul.
 13826 | D:10     | Found a white marble altar of Elyvilon.
 13923 | D:10     | Noticed a deep troll
 13924 | D:10     | Noticed a deep troll
 13984 | Lair:1   | Entered Level 1 of the Lair of Beasts
 14231 | Lair:1   | Noticed a catoblepas
 14894 | Lair:1   | You fall into a shaft and drop 1 floor!
 15090 | Lair:2   | Reached skill level 10 in Fighting
 15155 | Lair:2   | Reached skill level 12 in Maces & Flails
 15156 | Lair:2   | Noticed a boulder beetle
 15174 | Lair:2   | Killed a boulder beetle
 15540 | Lair:1   | Killed a catoblepas
 15541 | Lair:1   | Reached XP level 12. HP: 104/104 MP: 12/12
 16071 | Lair:2   | Found a staircase to the Snake Pit.
 16079 | Lair:2   | Noticed a four-headed hydra
 16084 | Lair:2   | Noticed Sonja
 16098 | Lair:2   | Killed a four-headed hydra
 16099 | Lair:2   | Reached skill level 5 in Dodging
 16108 | Lair:2   | Killed Sonja
 17080 | Lair:3   | Noticed an eight-headed hydra
 17377 | Lair:3   | Noticed a four-headed hydra
 17387 | Lair:3   | Killed a four-headed hydra
 17653 | Lair:3   | Reached skill level 13 in Maces & Flails
 17703 | Lair:3   | Killed an eight-headed hydra
 17880 | Lair:3   | Found a staircase to the Shoals.
 18289 | Lair:3   | Reached XP level 13. HP: 30/114 MP: 13/13
 18290 | Lair:3   | HP: 1/171 [cane toad (12)]
 18701 | Lair:4   | Collided with some deep water

Illustrated notes

Levels and vault maps discovered:
D:1:      minmay_arrival_four_houses, layout_basic,
          shapermc_ecumenical_altar_ellora, chequers_decorated_corner
D:2:      layout_loops_corners, minmay_fractal_squares_gapless_5, uniq_jessica,
          uniq_natasha
D:3:      layout_rooms, gup_sewer_entry_bowl
D:4:      layout_gridville, tso_oasis_becter, mainiacjoe_overflow_24_doors,
          serial_shops, nicolae_shop_stone, uniq_pikel
D:5:      layout_rooms, zin_purify
D:6:      layout_basic, nicolae_overflow_hidden_temple
D:7:      layout_basic, okawaru_metal_pillars_1_2, temple_statues,
          nrook_mini_backslash, uniq_menkaure
D:8:      layout_basic, uniq_psyche, uniq_gastronok, uniq_harold
D:9:      layout_roguey
D:10:     layout_big_octagon, elyvilon_altar_1,
          nemelex_xobeh_ov_fountains_minmay, dk_yredelemnul_ordeal,
          minmay_overflow_temple_star_quad, david_orc_5, serial_column_ruins,
          column_ruins_circle_medium, column_ruins_hut,
          column_ruins_columns_water, column_ruins_grid_1,
          column_ruins_corridor_corner, column_ruins_open_small,
          column_ruins_columns_straight, serial_shops, nicolae_diamond_shop,
          ebering_ghost_xom, hellmonk_guarded_unrand_vitality_bloodlust
Lair:1:   layout_layer_cave, infiniplex_staircase_pool
Lair:2:   layout_loops_ring, dummy_snake_entry, chequers_serial_rivers_micro_b,
          hangedman_lair_unloving_vines, st_stairs_8,
          infiniplex_staircase_pool_2, uniq_sonja
Lair:3:   layout_regular_city, shoals_dummy_entry, kennysheep_catoblepas_arena
Lair:4:   onia_ninara_swampy_vault, layout_small_grid,
          portal_ice_cave_entry_pillars_1, chequers_serial_rivers_small_b,
          lemuel_fruit_tree, grunt_megastairs_1

Skill      XL: |  1  2  3  4  5  6  7  8  9 10 11 12 |
---------------+-------------------------------------+-----
Maces & Flails | 3 4 5 7 9 10 12 13 | 13.3
Armour         | 3 4 5 6 |  6.9
Fighting       | 4 5 7 8 10 11 | 11.9
Shields        | 3 4 5 6 7 |  7.1
Dodging        | 1 2 3 4 5 |  5.6
Stealth        | 1 2 3 4 |  4.0
Evocations     | 1 |  1.2

Action                   |  1- 3 |  4- 6 |  7- 9 | 10-12 | 13-15 || total
-------------------------+-------+-------+-------+-------+-------++-------
Melee: Flail             |    78 |   222 |    52 |       |       ||   352
       Tailslap          |     5 |    27 |    57 |   153 |     4 ||   246
       Whip              |       |       |    82 |       |       ||    82
       Morningstar       |       |       |   193 |   744 |    31 ||   968
Invok: Potion Petition   |       |       |       |     4 |     1 ||     5
 Abil: Rolling Charge    |    19 |    37 |    39 |    31 |     4 ||   130
Evoke: Wand              |       |     3 |     6 |     7 |       ||    16
  Use: Potion            |     1 |     1 |     2 |     8 |     1 ||    13
       Scroll            |       |     6 |     3 |    10 |     1 ||    20
 Stab: Distracted        |       |       |     2 |    12 |       ||    14
       Sleeping          |       |       |       |     6 |       ||     6
       Confused          |       |       |       |     1 |       ||     1
       Paralysed         |       |       |       |     5 |       ||     5
       Invisible         |       |       |       |     1 |       ||     1
Armor: Scale mail        |    40 |    63 |       |       |       ||   103
       Leather armour    |       |    87 |    96 |   273 |     3 ||   459
       Skin              |       |       |       |    12 |       ||    12
Dodge: Dodged            |    33 |    71 |   104 |   304 |    10 ||   522
Block: Buckler           |    14 |       |       |       |       ||    14
       Kite shield       |       |   117 |   154 |   420 |    14 ||   705

Table legend: (Time is in decaauts)
 A = Elapsed time spent in this place.
 B = Non-inter-level travel time spent in this place.
 C = Inter-level travel time spent in this place.
 D = Time resting spent in this place.
 E = Time spent auto-exploring this place.
 F = Levels seen in this place.
 G = Mean time per level.
                   A        B        C        D        E       F      G
               +--------+--------+--------+--------+--------+-----+--------+
         Total |  18956 |  17791 |   1165 |   3955 |   9784 |  15 | 1263.7 |
       Dungeon |  13916 |  13112 |    804 |   3532 |   6936 |  10 | 1391.6 |
          Lair |   4724 |   4363 |    361 |    402 |   2631 |   4 | 1181.0 |
         Sewer |    314 |    314 |      0 |     21 |    216 |   1 |  314.0 |
               +--------+--------+--------+--------+--------+-----+--------+

Top non-repeatable levels by time:
     D:5: 2301 daAuts
     D:7: 1989 daAuts
     D:1: 1845 daAuts
  Lair:1: 1686 daAuts
  Lair:3: 1498 daAuts
     D:4: 1477 daAuts
     D:8: 1419 daAuts
     D:2: 1331 daAuts
     D:3: 1273 daAuts
  Lair:2: 1163 daAuts
     D:6: 991 daAuts
     D:9: 844 daAuts
    D:10: 442 daAuts
  Lair:4: 376 daAuts
   Sewer: 314 daAuts
